 Dungeon Crawl Stone Soup version 0.29-a0-294-g83ea962da3 (webtiles) character file.

Game seed: 10325466679673570566

104 sanka the Ducker (level 4, 0/41 HPs)
             Began as a Gnoll Monk on Mar 18, 2022.
             Slain by an orc
             ... wielding a +0 war axe
              (11 damage)
             ... on level 2 of the Dungeon.
             The game lasted 00:02:35 (2437 turns).

sanka the Ducker (Gnoll Monk)                       Turns: 2437, Time: 00:02:36

Health: 0/41       AC:  2    Str: 12    XL:     4   Next: 80%
Magic:  5/5        EV: 15    Int: 10    God:
Gold:   129        SH:  0    Dex: 14    Spells: 5/5 levels left

rFire   . . .      SeeInvis .   i - +5 club
rCold   . . .      Faith    .   (no shield)
rNeg    . . .      Spirit   .   b - +0 robe
rPois   .          Reflect  .   (no helmet)
rElec   .          Harm     .   (no cloak)
rCorr   .          Rampage  .   (no gloves)
Will    .....                   (no boots)
Stlth   +++.......              (no amulet)
HPRegen 0.13/turn               (no ring)
MPRegen 0.09/turn               (no ring)

@: no status effects
A: fangs 1, strong nose, distributed training
a: no special abilities


You were on level 2 of the Dungeon.
You visited 1 branch of the dungeon, and saw 3 of its levels.

You collected 129 gold pieces.


Innate Abilities, Weirdness & Mutations

You have very sharp teeth.
Your uncanny sense of smell can sniff out nearby items.
Your experience applies equally to all skills.


   Skills:
 + Level 6.6 Fighting
 + Level 1.2 Short Blades
 + Level 1.2 Long Blades
 + Level 6.6 Axes
 + Level 1.2 Maces & Flails
 + Level 1.2 Polearms
 + Level 1.2 Staves
 + Level 1.2 Slings
 + Level 1.2 Bows
 + Level 1.2 Crossbows
 + Level 1.2 Throwing
 + Level 1.2 Armour
 + Level 6.6 Dodging
 + Level 4.3 Stealth
 + Level 1.2 Shields
 + Level 1.2 Unarmed Combat
 + Level 1.2 Spellcasting
 + Level 1.0 Conjurations
 + Level 1.0 Hexes
 + Level 1.0 Summonings
 + Level 1.0 Necromancy
 + Level 1.0 Translocations
 + Level 1.0 Transmutations
 + Level 1.0 Fire Magic
 + Level 1.0 Ice Magic
 + Level 1.0 Air Magic
 + Level 1.0 Earth Magic
 + Level 1.0 Poison Magic
 + Level 1.3 Invocations
 + Level 1.2 Evocations


You had 5 spell levels left.
You didn't know any spells.
Your spell library contained the following spells:

 Spells                   Type           Power      Damage    Failure   Level
 Sting                    Tmut/Pois      8%         1d3       22%         1
 Ensorcelled Hibernation  Hex/Ice        4%         N/A       32%         2
 Poisonous Vapours        Pois/Air       4%         N/A       32%         2
 Spider Form              Tmut/Pois      2%         N/A       54%         3
 Anguish                  Hex/Necr       1%         N/A       91%         4
 Olgreb's Toxic Radiance  Pois           2%         N/A       91%         4

Inventory:

Hand Weapons
 a - a +0 hand axe
 i - a +5 club (weapon)
Missiles
 g - 2 datura-tipped darts (quivered)
Armour
 b - a +0 robe (worn)
Scrolls
 d - a scroll of fog {unknown}
 e - a scroll of torment {unknown}
 f - a scroll of teleportation {unknown}
 l - a scroll of fear {unknown}
Potions
 c - a potion of ambrosia
 h - 2 potions of curing {unknown}
 j - a potion of brilliance {unknown}
 k - a potion of resistance {unknown}
 m - a potion of attraction {unknown}

Dungeon Overview and Level Annotations

Branches:
Dungeon (3/15)

Altars:

Shops:
D:2

! ▒..o.....▒ ▒▒.▒▒▒▒▒▒▒
▒........▒ ▒ ▒........▒▒▒ .▒
▒..........▒▒▒ ▒▒▒▒.
▒.....l..▒...▒▒▒▒▒... .
▒....)....▒▒........∆ .
▒▒▒▒.........▒........▒ ▒
▒.▒▒▒▒.▒▒▒▒b..........▒▒
▒▒▒▒▒▒▒....▒.▒.go.▒▒▒▒▒▒▒▒▒..▒
▒.......▒▒.▒..>.o........▒▒▒.▒
▒.▒...▒.▒▒.▒▒...>.........▒▒.▒
▒..▒.▒..▒▒..▒..............▒.▒▒
▒...∩...▒▒▒.▒.▒▒..........⌠▒..▒
▒..▒.▒..▒▒▒................▒..▒
▒.▒...▒..▒▒▒▒.▒..........†▒▒..▒
▒.......[▒ ▒.▒..........▒▒▒..▒
▒.▒▒▒▒▒▒.▒
▒▒.▒...▒▒▒▒▒▒▒▒▒...▒▒


You could see an orc priest, an orc and a bat.


Message History

The orc priest is moderately wounded.
The orc priest hits you with a +0 flail.
The orc priest hits you but does no damage.
You barely miss the orc priest.
The orc priest is moderately wounded.
The orc priest calls down the wrath of Beogh upon you.
You barely resist.
Unknown command.
You hit the orc priest but do no damage.
The orc priest is moderately wounded.
The orc priest barely misses you.
You hit the orc priest but do no damage.
The orc priest is moderately wounded.
The orc priest closely misses you.
Unknown command.
The orc shouts!
You hit the orc priest.
The orc priest is moderately wounded.
The orc priest mumbles some strange prayers to Beogh against you.
Beogh smites you!
You hit the orc priest but do no damage.
The orc priest is moderately wounded.
The orc priest hits you with a +0 flail!
* * * LOW HITPOINT WARNING * * *
The orc priest hits you with a +0 flail.
* * * LOW HITPOINT WARNING * * *
You sock the orc priest!
The orc priest is severely wounded.
The orc hits you with a +0 war axe!
You die...

Action                   |  1- 3 |  4- 6 || total
-------------------------+-------+-------++-------
Melee: Hand axe          |    87 |       ||    87
       Bite              |     9 |     3 ||    12
       Punch             |     3 |     2 ||     5
       Club              |       |    44 ||    44
 Stab: Sleeping          |     7 |     1 ||     8
Armor: Robe              |    13 |    17 ||    30
Dodge: Dodged            |    84 |    57 ||   141

Levels and vault maps discovered:
D:1:      dpeg_arrival_fog, layout_basic, st_stairs_2
D:2:      cheibrodos_pilgrimage, layout_rooms, serial_shops,
          nicolae_shop_advertising_works [nicolae_subvault_shop_adworks],
          uniq_jessica, uniq_terence
D:3:      minmay_wonky_spiral, layout_basic, nicolae_ecumenical_snake_handling,
          kennysheep_donut

Notes
Turn   | Place    | Note
-------+----------+-------------------------------------------
     0 | D:1      | sanka the Gnoll Monk began the quest for the Orb.
     0 | D:1      | Reached XP level 1. HP: 23/23 MP: 1/1
   188 | D:1      | Reached XP level 2. HP: 19/29 MP: 2/2
   597 | D:1      | Reached XP level 3. HP: 35/35 MP: 3/3
   994 | D:2      | Noticed Terence
  1361 | D:2      | Reached skill level 1 in Invocations
  1568 | D:2      | Noticed Jessica
  1584 | D:2      | Killed Jessica
  1585 | D:2      | Reached skill level 1 in Short Blades
  1585 | D:2      | Reached skill level 1 in Long Blades
  1585 | D:2      | Reached skill level 1 in Maces & Flails
  1585 | D:2      | Reached skill level 1 in Polearms
  1585 | D:2      | Reached skill level 1 in Staves
  1585 | D:2      | Reached skill level 1 in Slings
  1585 | D:2      | Reached skill level 1 in Bows
  1585 | D:2      | Reached skill level 1 in Crossbows
  1585 | D:2      | Reached skill level 1 in Throwing
  1585 | D:2      | Reached skill level 1 in Armour
  1585 | D:2      | Reached skill level 1 in Shields
  1585 | D:2      | Reached skill level 1 in Unarmed Combat
  1585 | D:2      | Reached skill level 1 in Spellcasting
  1585 | D:2      | Reached skill level 1 in Evocations
  1585 | D:2      | Reached XP level 4. HP: 31/41 MP: 5/5
  1710 | D:2      | Killed Terence
  1711 | D:2      | Reached skill level 1 in Conjurations
  1711 | D:2      | Reached skill level 1 in Hexes
  1711 | D:2      | Reached skill level 1 in Summonings
  1711 | D:2      | Reached skill level 1 in Necromancy
  1711 | D:2      | Reached skill level 1 in Translocations
  1711 | D:2      | Reached skill level 1 in Transmutations
  1711 | D:2      | Reached skill level 1 in Fire Magic
  1711 | D:2      | Reached skill level 1 in Ice Magic
  1711 | D:2      | Reached skill level 1 in Air Magic
  1711 | D:2      | Reached skill level 1 in Earth Magic
  1711 | D:2      | Reached skill level 1 in Poison Magic
  1974 | D:2      | Found Jebecwoa's Distillery.
  2437 | D:2      | Slain by an orc

Vanquished Creatures
  Jessica (D:2)
  Terence (D:2)
  2 worms (D:2)
  2 dart slugs
  3 orcs (D:2)
  6 endoplasms
  3 goblins (D:1)
  A hobgoblin (D:2)
  4 jackals (D:1)
  A kobold (D:1)
  A quokka (D:1)
  2 ball pythons (D:1)
  4 bats
  3 frilled lizards
  8 rats
42 creatures vanquished.
